[Event "German Bundesliga 2024-25"]
[Site "Germany"]
[Date "2025.01.11"]
[Round "5"]
[White "Abdusattorov, Nodirbek"]
[Black "Firouzja, Alireza"]
[Result "1/2-1/2"]
[Annotator "TA"]
[ECO "B44"]
[WhiteElo "2768"]
[BlackElo "2763"]
[PlyCount "81"]
[EventDate "2024.09.27"]
[EventType "team-tourn"]
[EventCountry "GER"]
[SourceTitle "playchess.com"]
[Source "ChessBase"]
[SourceQuality "1"]
[WhiteTeam "Viernheim"]
[BlackTeam "Baden-Baden"]
[TimeControl "40/5400+30:1800+30"]

1. c4 Nf6 2. Nc3 c5 3. Nf3 e6 4. e4 Nc6 5. d4 cxd4 6. Nxd4 Bb4 7. Nxc6 bxc6 8. Bd3 e5 9. O-O O-O 10. h3 Re8 11. Qc2 h6 12. Be3 d6 13. Na4 c5 14. a3 Ba5 15. Rab1 Rb8 16. Rfd1 Bd7 17. Nc3 a6 18. Ne2 Nh7 19. Ng3 Ng5 20. Be2 Ne6 21. Rxd6 Qc7 $1 22. Rd3 Nd4 23. Qd1 Be6 24. Bxd4 exd4 25. Nh5 Re7 (25... Bxc4 $6 26. Rg3 Bxe2 27. Qxe2 $18 (27. Rxg7+ Kh8 $16)) (25... Kh8 $14) 26. Rg3 $16 f5 27. exf5 (27. Bd3 $16 fxe4 28. Bxe4) 27... Bxf5 $14 28. Nf6+ Kh8 29. Nd5 $1 Bxb1 30. Nxc7 Bxc7 31. Rf3 Bg6 32. Bf1 Rbe8 $1 33. Qd2 {[%emt 0:05:43] Strongly threatening b4.} Kg8 $1 34. Rb3 (34. b4 $2 Re1 $19) 34... Re1 35. Rb7 Be5 36. g3 (36. Qxe1 $2 {is the wrong capture.} Bh2+ 37. Kxh2 Rxe1 $19) 36... Bf6 37. Rb3 {[%emt 0:02:27] [#]} (37. Rb6 $1 $11 {was the only way to keep the balance.}) 37... d3 $1 $17 {[%emt 0:00:51][%mdl 1024] Black has strong compensation.} 38. Kg2 {[%emt 0:01:42] [#]} Be4+ $1 39. Kg1 Bg6 {[%emt 0:00:30] and ...R8e2 should not be overlooked} 40. Kg2 $1 ({But not} 40. Rxd3 $2 Bxd3 41. Qxd3 Rd8 $19) 40... Be4+ 41. Kg1 1/2-1/2

[Event "German Bundesliga 2024-25"]
[Site "Germany"]
[Date "2025.01.11"]
[Round "5"]
[White "Aronian, Levon"]
[Black "Duda, Jan-Krzysztof"]
[Result "1/2-1/2"]
[Annotator "TA"]
[ECO "A28"]
[WhiteElo "2747"]
[BlackElo "2740"]
[PlyCount "43"]
[EventDate "2024.09.27"]
[EventType "team-tourn"]
[EventCountry "GER"]
[SourceTitle "playchess.com"]
[Source "ChessBase"]
[SourceQuality "1"]
[WhiteTeam "Baden-Baden"]
[BlackTeam "Viernheim"]
[TimeControl "40/5400+30:1800+30"]

1. c4 Nf6 2. Nc3 e5 3. Nf3 Nc6 4. e4 Bb4 5. d3 d6 6. Be2 a5 7. O-O Bc5 8. Be3 Bxe3 9. fxe3 O-O 10. Qe1 Ne7 11. Qg3 {[%emt 0:02:30][%cal Of3e5] White wants to play Nxe5!.} Ng6 12. Ng5 c6 13. h4 Nh8 14. h5 h6 15. Nh3 Nh7 16. Rad1 f6 17. d4 Nf7 18. Rd2 Qe7 19. Bg4 Nhg5 20. d5 Qc7 21. Nf2 Qb6 22. Re1 1/2-1/2

[Event "German Bundesliga 2024-25"]
[Site "Germany"]
[Date "2025.01.11"]
[Round "5"]
[White "Vachier-Lagrave, Maxime"]
[Black "Maghsoodloo, Parham"]
[Result "1/2-1/2"]
[Annotator "TA"]
[ECO "C78"]
[WhiteElo "2737"]
[BlackElo "2674"]
[PlyCount "57"]
[EventDate "2024.09.27"]
[EventType "team-tourn"]
[EventCountry "GER"]
[SourceTitle "playchess.com"]
[Source "ChessBase"]
[SourceQuality "1"]
[WhiteTeam "Baden-Baden"]
[BlackTeam "Viernheim"]
[TimeControl "40/5400+30:1800+30"]

1. e4 e5 2. Nf3 Nc6 3. Bb5 a6 4. Ba4 Nf6 5. O-O Bc5 6. c3 b5 7. Bb3 d6 8. d4 Bb6 9. a4 Bb7 10. Re1 h6 11. Be3 exd4 12. cxd4 Na5 13. Ba2 O-O 14. d5 {[%emt 0:03:30] Black should prevent Bxb6.} Bxe3 15. Rxe3 c6 16. b4 Nc4 17. Bxc4 bxc4 18. Nc3 cxd5 19. exd5 a5 20. Rb1 {[%emt 0:03:30] White is more active.} (20. b5 $14) 20... axb4 $11 21. Rxb4 Qc7 22. Qd4 Rab8 (22... Ra5 $1 $11) 23. Qxc4 ({White should play} 23. h3 $14) 23... Qxc4 24. Rxc4 Nxd5 25. Nxd5 Bxd5 26. Rd4 Bxf3 27. gxf3 Rb1+ 28. Kg2 Ra1 29. Rxd6 1/2-1/2

[Event "German Bundesliga 2024-25"]
[Site "Germany"]
[Date "2025.01.11"]
[Round "5"]
[White "Mamedyarov, Shakhriyar"]
[Black "Keymer, Vincent"]
[Result "1/2-1/2"]
[Annotator "TA"]
[ECO "A21"]
[WhiteElo "2732"]
[BlackElo "2733"]
[PlyCount "55"]
[EventDate "2024.09.27"]
[EventType "team-tourn"]
[EventCountry "GER"]
[TimeControl "40/5400+30:1800+30"]

1. c4 e5 2. Nc3 Bb4 3. Nd5 Be7 4. d4 exd4 5. Qxd4 Nf6 6. Nxe7 {[%emt 0:00:30] A21: English Opening: 1...e5 2 Nc3.} Qxe7 7. Bg5 Nc6 8. Qc3 d6 9. Nf3 Ne5 10. e3 h6 11. Bh4 Bf5 $146 (11... g5 12. Nxe5 dxe5 13. Bg3 Nd7 14. h4 g4 15. c5 h5 16. Rc1 c6 17. Bd3 O-O {1-0 Carlsen,M (2875)-Anand,V (2767) Norway Chess Armageddon 7th blitz 2019 (1)}) 12. Be2 g5 {[%emt 0:12:30] [#] White must now prevent ...Ne4.} 13. Nxe5 Qxe5 (13... Ne4 $5 14. Qa5 dxe5 $11) 14. Qxe5+ dxe5 15. Bg3 Nd7 16. f4 O-O-O 17. fxe5 Rhe8 {[%emt 0:08:30] The position is equal.} 18. O-O Bg6 19. h4 Nxe5 20. h5 Bd3 21. Bxd3 Rxd3 22. Bxe5 Rxe5 $11 {[%emt 0:00:00][%mdl 4096] Endgame KRR-KRR} 23. Rf6 Rexe3 (23... Rdxe3 24. Rxh6 b5 25. Rf6 $16) 24. Rxh6 {[%emt 0:01:30] [#]} Rd2 25. Rf1 Ree2 $1 26. Rxf7 {[%emt 0:02:30] Black must now prevent Rh8+.} Rxg2+ 27. Kf1 {[%emt 0:00:30] White wants to mate with Rh8+.} Rh2 28. Kg1 {[%emt 0:00:30] Inhibits Rh1+.   Weighted Error Value: White=0.04 (flawless) /Black=0.01 (flawless)   Inaccurate:     	White=1     	Black=1      OK:         	White=14    	Black=12     Best:        	White=1     	---        Strong:       	---       	Black=1} 1/2-1/2

[Event "German Bundesliga 2024-25"]
[Site "Germany"]
[Date "2025.01.11"]
[Round "5"]
[White "Svidler, Peter"]
[Black "Aravindh, Chithambaram VR."]
[Result "1/2-1/2"]
[Annotator "TA"]
[ECO "B45"]
[WhiteElo "2698"]
[BlackElo "2706"]
[PlyCount "194"]
[EventDate "2024.09.27"]
[EventType "team-tourn"]
[EventCountry "GER"]
[TimeControl "40/5400+30:1800+30"]

1. e4 c5 2. Nf3 e6 3. d4 cxd4 4. Nxd4 Nf6 5. Nc3 Nc6 6. a3 Be7 7. Nxc6 {[%emt 0:03:30] B45: Sicilian Four Knights.} bxc6 8. e5 Nd5 {[%emt 0:00:00] next ...Nxc3 is good for Black.} 9. Qg4 g6 10. Qg3 d6 11. Ne4 dxe5 12. h4 f5 13. Qxe5 Rg8 $146 (13... O-O 14. Ng5 Bf6 15. Qg3 e5 16. Bc4 Rb8 17. Bb3 f4 18. Qf3 Bxg5 19. hxg5 e4 {½-½ Sapenov,D (2350)-Asadli,V (2562) Wch Rapid Samarkand 2023 (6)}) 14. Ng5 Bf6 $40 {[%emt 0:00:30][%mdl 128] Inhibits Nxh7. Black is up to no good.} 15. Qe2 {[%emt 0:04:30] A sharp opening} Rg7 (15... Rb8 $15) 16. c4 $11 (16. Nxe6 $2 Bxe6 17. Qf3 (17. Qxe6+ $2 Re7 $19) 17... Re7 $19 (17... Bxh4 $2 18. Be2 $19)) 16... Nb6 17. Nf3 (17. Nxe6 $2 Bxe6 18. Rh3 (18. Qxe6+ $2 Re7 $19) 18... Re7 $19) 17... e5 18. h5 (18. Nxe5 Re7 19. f4 (19. Bf4 $2 Qd4 $19) 19... Nd7 $17) (18. Bg5 $11 e4 19. c5) 18... g5 $1 $17 19. h6 (19. Nxe5 Re7 20. f4 Qc7 $17 (20... Nd7 $2 21. Be3 $19)) 19... Rf7 20. g4 (20. Nxe5 Re7 21. f4 (21. Qh5+ $2 Kf8 $19) 21... gxf4 22. Bxf4 Qd6 $15) 20... e4 (20... fxg4 21. Nd2 $14 (21. Nxe5 $2 Bxe5 22. Be3 Bf5 $19)) 21. Nd2 Re7 (21... fxg4 22. Nxe4 (22. Qxe4+ $2 Re7 $19) 22... Be6 23. Bg2 $16 (23. Nc5 Re7 $14)) 22. Bg2 Qd4 (22... fxg4 $2 23. Nxe4 (23. Bxe4 $2 Qd4 $17) 23... Bf5 24. Nxf6+ $18) 23. O-O Kf7 (23... fxg4 $2 24. Nxe4 (24. Bxe4 $2 Bf5 $19) 24... Bf5 25. Rd1 $18) (23... e3 $1 $17 24. fxe3 (24. Bxc6+ Bd7 $17) 24... Rxe3) 24. Rd1 (24. Re1 $11 {keeps the balance.}) 24... Kg6 (24... fxg4 $2 25. Nxe4 Qe5 26. Rd6 $18) (24... e3 {is more complex.} 25. fxe3 Rxe3 26. Nf3 Rxe2+ 27. Rxd4 fxg4 28. Nxg5+ Kg6) 25. a4 (25. Nf1 $15 Qxc4 26. Qxc4 Nxc4 27. gxf5+ Bxf5 (27... Kxh6 28. Ng3 $14) 28. Ng3) 25... e3 $1 {[%emt 0:05:53] Black has a king side majority} (25... Kxh6 26. Ra3 $16 (26. a5 e3 $18)) 26. fxe3 Rxe3 27. Nf3 Rxe2+ $19 {[%emt 0:00:27] Black attacks} 28. Nxd4 {[%emt 0:00:03] [#]} Rxg2+ 29. Kxg2 f4 {[%emt 0:00:25][%csl Of4] Black has a strong passed pawn} 30. Kh3 (30. Nxc6 $2 Bb7 (30... Kxh6 31. Rd6 $14) (30... Bxg4 $2 31. Re1 $19) 31. Kg1 (31. Rd6 $2 Nxc4 32. Rxf6+ Kxf6 $19) 31... Bxc6 $19) 30... Kxh6 31. Nxc6 Kg7 32. a5 Nxc4 33. Ra4 {[%emt 0:00:24] [#]} h5 $1 34. Kg2 Bxg4 (34... Nxb2 35. Bxb2 Bxb2 36. gxh5 $16) 35. Rd5 Be6 {[%emt 0:01:39] This pair of bishops is nice.} (35... Nxb2 $6 36. Bxb2 Bxb2 37. Rxg5+ Kh6 38. Rxg4 hxg4 39. Rxf4 $11) 36. Rc5 Nd6 (36... Bxb2 $2 37. Raxc4 Bf6 38. Rc2 $18) 37. Nd4 Bg4 {[%emt 0:01:14] And now ...Re8 would win.} 38. Nf3 Rc8 39. Rxc8 Bxc8 40. Nxg5 Bxg5 41. Bxf4 Be7 42. Rb4 Kf7 43. Rb8 Bb7+ 44. Kh3 {[%emt 0:05:30] Hoping for Bxd6.} Bc6 45. Rh8 Bd7+ (45... h4 $17 46. Rh7+ Ke8) 46. Kg2 $15 Bc6+ 47. Kh3 $1 h4 48. Rh7+ Ke8 49. Rh6 Bd7+ 50. Kh2 Nb5 51. Rh8+ Kf7 52. a6 Bf6 53. Rh7+ Ke8 54. Rh6 Ke7 55. Rh7+ Ke6 56. Bb8 {[%emt 0:00:13] [#]} (56. Be3) 56... Bg5 (56... Bc6 $142 $1 57. Rh5 (57. Bxa7 $2 Be4 $19) 57... Bd8 (57... Bxb2 58. Rxh4 Be5+ 59. Bxe5 $11)) 57. b3 Bf6 58. Kg2 (58. Kh3 $142) 58... Bc6+ $17 59. Kh3 Be7 (59... Be4 $17 60. Rb7 Nd6 (60... Bxb7 61. axb7 Nd4 62. Bxa7 $11)) 60. Rh6+ Kd7 (60... Kd5 $17 61. Rh5+ Ke6) 61. Rh7 ({Better is} 61. Kg4 $15) 61... Bd5 (61... Bf3 $17 62. Bf4 Be4) 62. Rh5 $15 Bc6 (62... Kc6 $15 63. Rh6+ Kd7) 63. Bf4 (63. Rh7 $11) 63... Ke6 $17 64. Bg5 Bxg5 ({Black should play} 64... Bc5 $17) 65. Rxg5 $11 Nd4 66. Rg6+ Kd5 67. Rg7 Nb5 68. Kxh4 Kc5 69. Kg3 Kb6 70. Kf2 Nd4 71. Rg4 Ne6 ({Much worse is} 71... Nxb3 $6 72. Rb4+ Kxa6 73. Rxb3 $14) 72. Ke3 Nc5 73. b4 Nxa6 74. Kd2 Nc7 75. Rg5 Bd5 76. Kc3 a6 77. Rg7 Nb5+ 78. Kb2 Nd4 79. Rg4 Nb5 80. Rg6+ Bc6 81. Rg5 Nd4 82. Kc3 Ne6 83. Re5 Nc7 (83... Bd7 $5) 84. Rg5 Nb5+ 85. Kb2 Nd6 86. Rh5 Kc7 87. Rh7+ Kb6 88. Rh5 Nf7 89. Rf5 Nd8 90. Kc3 Ne6 91. Re5 Nf4 92. Rf5 Ne2+ 93. Kd3 Be4+ 94. Kxe2 (94. Kxe4 Ng3+ 95. Kf4 Nxf5 96. Kxf5 Kb5 97. Ke5 Kxb4 98. Kd4 Kb3 99. Ke3 a5 100. Kd2 Kb2 101. Ke3 Kc3 102. Kf2 a4 103. Kf3 a3 104. Kg4 a2 105. Kh5 a1=Q (105... a1=B 106. Kh6 $11) 106. Kg6 Qf1 107. Kg7 Qf5 108. Kh6 Qg4 109. Kh7 Kd4 110. Kh6 Ke5 111. Kh7 Kf6 112. Kh8 Qg7#) 94... Bxf5 95. Kd2 Kb5 96. Kc3 {[%emt 0:00:03] [#]} a5 $2 (96... Ka4 $1 $19 {[%cal Ra4a3] ( -> ...Ka3)} 97. Kb2 Kxb4) 97. bxa5 Kxa5 {[%emt 0:00:00] Black had all chances to win.   Weighted Error Value: White=0.15 (very precise) /Black=0.14 (very precise)   Missed win:     	---       	Black=1      Mistake:       	White=8     	Black=9      Inaccurate:     	White=6     	Black=2      OK:         	White=47    	Black=27     Best:        	White=9     	Black=6      Strong:       	White=1     	Black=3      Brilliant:      	---       	Black=1} 1/2-1/2

[Event "German Bundesliga 2024-25"]
[Site "Germany"]
[Date "2025.01.11"]
[Round "5"]
[White "Deac, Bogdan-Daniel"]
[Black "Korobov, Anton"]
[Result "1/2-1/2"]
[Annotator "TA"]
[ECO "D35"]
[WhiteElo "2687"]
[BlackElo "2636"]
[PlyCount "197"]
[EventDate "2024.09.27"]
[EventType "team-tourn"]
[EventCountry "GER"]
[SourceTitle "playchess.com"]
[Source "ChessBase"]
[SourceQuality "1"]
[WhiteTeam "Baden-Baden"]
[BlackTeam "Viernheim"]
[TimeControl "40/5400+30:1800+30"]

1. d4 d5 2. c4 e6 3. Nf3 Nf6 4. Nc3 Nbd7 5. Qc2 Be7 6. cxd5 exd5 7. Bf4 c6 8. h3 Nf8 9. e3 Ng6 10. Bh2 Bd6 11. Bd3 Bxh2 12. Nxh2 O-O 13. O-O Re8 14. Rfe1 Qd6 15. f3 Bd7 16. Rad1 Rac8 17. Qf2 c5 18. dxc5 Qxc5 19. Bxg6 hxg6 20. Rd4 g5 21. Red1 Re5 22. Qd2 Rce8 23. Nf1 (23. Nxd5 Rxd5 24. Rxd5 Nxd5 25. Qxd5 Qxe3+ 26. Kh1 Bc6 $17) 23... Bb5 24. Nxb5 Qxb5 25. Rc1 a5 26. Rc3 R5e6 27. Rb3 Qa6 28. Ra3 b6 29. Rc3 Qb7 30. Qc2 Qe7 31. Kf2 g6 32. Qd2 Qf8 33. Qc1 Qd6 34. Kg1 Qe7 35. Rc2 Qf8 36. Rd3 Qe7 37. Qd2 Rd6 38. Qc3 Nd7 (38... Red8 $11) 39. Rcd2 $1 $16 Qe6 {[#]} 40. e4 $1 Nf6 41. Qb3 $1 Red8 42. Ne3 a4 43. Qd1 (43. Qxa4 $6 dxe4 44. Rxd6 Rxd6 45. Rxd6 Qxd6 $11) 43... b5 44. Nxd5 Nxd5 45. Rxd5 Rxd5 46. Rxd5 {[%emt 0:04:44][%mdl 4096] Endgame KQR-KQR. White is a pawn up.} Qb6+ (46... Rxd5 $16 47. exd5 (47. Qxd5 Qxd5 48. exd5 Kg7 $15) 47... Qd6) 47. Kh1 $18 Rc8 48. Qd4 (48. Rxg5 Qe3 49. Qd5 (49. Rxb5 $2 Rc1 $19) 49... Rc1+ 50. Kh2 Kf8 $11) (48. Qd2 $1 $18 {has better winning chances.}) 48... Qc7 (48... Qxd4 $16 49. Rxd4 Rc4 50. Rd8+ (50. Rxc4 bxc4 51. a3 Kf8 $18) 50... Kg7) 49. Qe5 (49. Rxg5 $2 Qc1+ 50. Kh2 Qxg5 $19) (49. Rxb5 Qc1+ 50. Qg1 Qd2 $11) 49... Qc1+ (49... Qxe5 {was called for.} 50. Rxe5 b4) 50. Kh2 b4 51. Ra5 (51. Qxg5 Qxb2 52. e5 Re8 $16 (52... Qxa2 $2 53. e6 $18)) 51... a3 52. bxa3 (52. Qxg5 $2 axb2 (52... Qxb2 53. Ra6 $11) 53. Rd5 Qxg5 (53... b1=B $2 54. Rd8+ Rxd8 55. Qxc1 $18) (53... b1=R $2 54. Rd8+ Rxd8 55. Qxd8+ Kh7 56. Qf6 $19) 54. Rxg5 b1=Q $19 (54... b1=B 55. Rb5 $17)) 52... bxa3 53. Qd6 (53. Qxg5 Qxg5 54. Rxg5 Rc2 $16) 53... g4 54. fxg4 (54. Qxa3 $2 Qf4+ 55. Kg1 Rc1+ $19) (54. hxg4 Qe1 55. Rd5 Qh4+ 56. Kg1 Qe1+ 57. Kh2 Qh4+ 58. Kg1 Qe1+ 59. Kh2 $11) 54... Qb1 55. Qd7 $2 ({White should try} 55. Rxa3 $18 Qxe4 56. Rf3) 55... Qb8+ $2 (55... Qc1 $11 {and Black has nothing to worry.} 56. Qd6 Qe3) 56. e5 Rd8 57. Qe7 Re8 58. Qxa3 Qc7 59. Qc5 Qb7 (59... Qxc5 $142 60. Rxc5 Ra8) 60. Qb5 Qc8 $2 (60... Qxb5 61. Rxb5 Ra8) 61. Ra7 Qe6 62. Ra6 Qxe5+ 63. Qxe5 Rxe5 {[%emt 0:00:34] KR-KR. White is two pawns up.} 64. a4 g5 65. Rb6 Re4 66. Rb5 ({Less strong is} 66. a5 Ra4 67. Rb5 f6 $18) 66... Rxa4 (66... f6 $142 67. a5 Ra4) 67. Rxg5+ Kh7 68. h4 Ra3 $2 (68... f6) 69. Rf5 Kg7 70. g5 Kg6 71. Rf4 Rb3 72. g3 Rb2+ 73. Kh3 Rb5 74. Rf6+ Kg7 75. Kg4 Rb4+ 76. Rf4 Rb3 77. h5 Ra3 78. Kh4 Ra1 79. h6+ Kg8 {[%emt 0:00:03] [#]} 80. g6 $2 fxg6 $16 {[%emt 0:00:48] [#]} 81. Kg5 (81. g4 $1 $16 {Black must now prevent Kg5.} Ra7 82. g5) 81... Ra7 $1 $11 82. Rb4 Kh7 83. Rb5 Rc7 84. g4 Ra7 85. Rc5 Rb7 86. Re5 Ra7 87. Re8 Ra5+ 88. Kf6 Ra6+ 89. Re6 Rxe6+ 90. Kxe6 Kxh6 {[%emt 0:00:38] KP-KP} 91. Kf6 g5 $1 92. Kf5 Kh7 93. Kxg5 {[%emt 0:00:03] KP-K. White is a pawn up.} Kg7 94. Kf5 Kf7 95. g5 Kg7 96. g6 Kg8 97. Kf6 {[%emt 0:00:07] White threatens g7 and mate.} Kf8 98. g7+ Kg8 99. Kg6 1/2-1/2

[Event "German Bundesliga 2024-25"]
[Site "Germany"]
[Date "2025.01.11"]
[Round "5"]
[White "Sarana, Alexey"]
[Black "Rapport, Richard"]
[Result "1/2-1/2"]
[Annotator "TA"]
[ECO "D80"]
[WhiteElo "2679"]
[BlackElo "2721"]
[PlyCount "44"]
[EventDate "2024.09.27"]
[EventType "team-tourn"]
[EventCountry "GER"]
[TimeControl "40/5400+30:1800+30"]

1. d4 Nf6 2. c4 g6 3. Nc3 d5 4. e3 Bg7 5. Qa4+ c6 6. cxd5 {[%emt 0:00:00] D80: Grünfeld: Unusual White 4th moves and 4 Bg5.} Nxd5 7. Nf3 O-O 8. Be2 Bf5 $146 (8... Nd7 9. O-O N7b6 10. Qc2 a5 11. e4 Nb4 12. Qd1 Bg4 13. Be3 Bxf3 14. Bxf3 Nc4 {0-1 Holt,C (2584)-Vachier Lagrave,M (2789) Titled Tuesday intern op 17th April blitz 2018 (5)}) 9. O-O Nd7 10. Nxd5 (10. Qb3 {is interesting.} N7b6 11. Ng5 h6 12. e4) 10... cxd5 11. Qb3 Nb6 12. Bd2 Bg4 13. Rfc1 Bxf3 14. Bxf3 Qd7 15. Be2 Rfc8 16. Ba5 Qe6 17. Qb5 Qd7 18. Qb3 Qe6 19. h3 h5 20. Qb5 Qd7 21. Qb4 {[%emt 0:04:30] [#]} (21. Qxd7 $14 Nxd7 22. Bc7) 21... Nc4 $1 $11 {[%emt 0:01:30] ...b6 is the strong threat.} 22. b3 Nxa5 {[%emt 0:07:30] Weighted Error Value: White=0.11 (very precise) /Black=0.04 (flawless)   Mistake:       	White=1     	---        OK:         	White=10    	Black=8      Brilliant:      	---       	Black=1} 1/2-1/2

[Event "German Bundesliga 2024-25"]
[Site "Germany"]
[Date "2025.01.11"]
[Round "5"]
[White "Anton Guijarro, David"]
[Black "Kasimdzhanov, Rustam"]
[Result "1-0"]
[Annotator "TA"]
[ECO "B07"]
[WhiteElo "2671"]
[BlackElo "2685"]
[PlyCount "133"]
[EventDate "2024.09.27"]
[EventType "team-tourn"]
[EventCountry "GER"]
[SourceTitle "playchess.com"]
[Source "ChessBase"]
[SourceQuality "1"]
[WhiteTeam "Viernheim"]
[BlackTeam "Baden-Baden"]
[TimeControl "40/5400+30:1800+30"]

1. e4 d6 2. d4 Nf6 3. f3 e5 4. dxe5 dxe5 5. Qxd8+ Kxd8 6. Nd2 Be6 7. Bc4 Bxc4 8. Nxc4 Nfd7 9. Bd2 Nc6 10. O-O-O Kc8 11. Ne2 Nb6 12. Ne3 Bc5 13. b3 h5 14. h4 g6 15. a4 a5 16. g4 Nd4 17. Nxd4 exd4 18. Ng2 hxg4 19. fxg4 Nd7 20. h5 gxh5 21. gxh5 Nf6 22. e5 Ne4 23. Rh4 Nxd2 24. Kxd2 Ra6 25. Rf1 Be7 26. Rh2 f6 27. exf6 Bxf6 {[%emt 0:00:08] [#]} 28. Rf5 $1 Bg7 29. Nf4 Bh6 30. Kd3 Bxf4 31. Rxf4 Rah6 32. Rf5 $1 (32. Kxd4 Rxh5 $11) 32... b6 33. Kxd4 Rg8 34. Ke3 Rg1 35. Kf2 Rg4 36. Rh1 Kb7 37. Kf3 Rg7 38. c3 Rg8 39. Kf4 Rg2 40. Rg5 Rf2+ 41. Ke3 Rff6 42. b4 Rc6 43. Kd4 ({Of course not} 43. bxa5 $6 Rxc3+ 44. Ke2 Re6+ 45. Kd2 Ree3 $14) 43... axb4 44. cxb4 Rce6 45. b5 Rh7 46. Re5 Reh6 47. Ke4 Rf7 {[%emt 0:05:22] [#]} 48. Rf5 $1 Rg7 49. Kf4 Rg2 50. Rg5 Rf2+ 51. Kg3 Rff6 52. Rg7 Rf8 $2 (52... Rf5 {is a better defense.}) 53. Rg6 $18 Rh7 54. h6 Rf5 55. Kg4 Rf2 (55... Rff7 $142 56. Kg5 Rh8) 56. Rh3 Rf1 57. Rh2 Ka7 $2 (57... Re7 58. Rg5 (58. h7 Rg1+ 59. Kf5 Rf7+ 60. Rf6 Rf1+ 61. Ke5 Re7+ 62. Re6 Re1+ 63. Kf5 Rf7+ 64. Rf6 Rf1+ 65. Ke5 Re7+ 66. Kd5 Rxh7 $11) 58... Rg1+ 59. Kh5 Rf1) 58. Kg5 $18 Kb7 59. Rh4 Rf2 60. Rh1 Rf3 61. Rf6 Rg3+ 62. Kh5 Re7 63. Rf5 Rh7 (63... Rd7 $142 64. Rg5 Rc3) 64. Rg5 $18 Rf3 65. Rg7 Rh8 66. h7 Rf4 67. Rc1 1-0

[Event "German Bundesliga 2024-25"]
[Site "Germany"]
[Date "2025.01.11"]
[Round "5"]
[White "Bluebaum, Matthias"]
[Black "Kraemer, Martin"]
[Result "1/2-1/2"]
[Annotator "TA"]
[ECO "D27"]
[WhiteElo "2654"]
[BlackElo "2579"]
[PlyCount "168"]
[EventDate "2024.09.27"]
[EventType "team-tourn"]
[EventCountry "GER"]
[SourceTitle "playchess.com"]
[Source "ChessBase"]
[SourceQuality "1"]
[WhiteTeam "Deizisau"]
[BlackTeam "Heimbach-Weis-Neuwied"]
[TimeControl "40/5400+30:1800+30"]

1. d4 d5 2. Nf3 Nf6 3. c4 dxc4 4. e3 e6 5. Bxc4 c5 6. O-O a6 7. Re1 Be7 8. Bd3 cxd4 9. exd4 Nc6 10. Nc3 O-O 11. Bg5 h6 {[%emt 0:05:30] D27: Queen's Gambit Accepted: Classical main line: 7 e4!? and 7 a4.} 12. Bf4 Nb4 $146 (12... Bd6 13. Be5 b5 14. Bxf6 Qxf6 15. Be4 Bb7 16. d5 exd5 17. Bxd5 Rad8 18. Ne4 Qf4 19. g3 {½-½ Gelfand,B (2675)-Dominguez Perez,L (2758) Leon 34th Chess.com INT rapid 2021 (2.4)}) 13. Bb1 Nbd5 {[%emt 0:11:30] White has an edge.} 14. Nxd5 exd5 15. Qb3 Bd6 16. Be5 Re8 17. Bc2 Bg4 18. h3 Bxf3 19. Qxf3 Bxe5 20. dxe5 Qa5 21. Bf5 {[%emt 0:14:30][%cal Ob2b4] [#] Repels Nd7. White is more active.} Ne4 22. Bxe4 dxe4 23. Qxe4 Rad8 24. Re2 Qd5 25. Qxd5 Rxd5 $14 {[%emt 0:00:02][%mdl 4096] Endgame KRR-KRR. White is a pawn up.} 26. Rae1 Rc8 27. f4 Kf8 28. Kf2 Ke7 29. f5 ({White should try} 29. Kf3 $16) 29... g6 $11 30. g4 gxf5 31. gxf5 f6 32. Kf3 Rcc5 (32... Rc4 $11) 33. exf6+ $1 $14 Kxf6 34. Re6+ Kxf5 35. Rxh6 Kg5 36. Ree6 {[%emt 0:01:00] h4+ would kill now.} Rf5+ (36... Rc4 $16) 37. Kg3 $18 Rf7 38. h4+ Kf5 {[%emt 0:00:01] [#]} 39. Re1 $2 (39. Rxa6 $1 $18 {and the rest is easy.} Rc1 (39... bxa6 $2 40. Rh5+ Kg6 41. Rxc5 $18) 40. Rh5+ Ke4 41. Ra4+ Kd3 42. Rd5+ Ke3 43. Rg5) 39... Rg7+ $16 40. Kf3 Rc4 41. Rh5+ Kf6 $1 42. Re4 {[%emt 0:00:00] Against Rg4} Rc2 43. Rh6+ Kf7 (43... Kf5 $16 {was called for.}) 44. Rb4 $18 Kg8 {[%emt 0:00:00] Against Rxb7} 45. Rhb6 Rf7+ 46. Kg3 Rcc7 47. Rf4 Rfe7 48. Kg4 Rc1 49. Rg6+ Kh7 50. Kh5 Rc5+ 51. Rg5 Rc6 52. Rgf5 Kg7 {[%emt 0:00:00] Prevents Rf7+.} 53. Kg4 Rc2 54. Rf2 Rc4+ 55. Kg5 Rc1 56. Rg2 Rc6 57. h5 {[%emt 0:01:58] Dodges Rg6+} Kh7 {[%emt 0:00:00] and ...Rg7+ would now be decisive} 58. Rgf2 Rg7+ 59. Kf4 Kh6 60. b3 Re6 61. Rf8 Kh7 {[%emt 0:03:55] Dodges Rh8+} (61... Kxh5 $2 {is the wrong capture.} 62. Kf5 Kh4 63. Kxe6 $18) 62. Rd2 Rge7 63. Kg5 Re5+ 64. Rf5 Re1 65. Rfd5 (65. Rd6 $16) 65... Rg1+ 66. Kf6 Rgg7 67. Rd8 Rgf7+ 68. Kg5 Re5+ 69. Kg4 Rg7+ 70. Kf4 Rxh5 71. R8d7 Rb5 72. Ke4 Rxd7 {[%emt 0:01:12] The position is equal.} 73. Rxd7+ $11 {[%emt 0:00:02] KR-KR} Kg6 74. Kd4 Kf6 75. Kc4 Ke6 76. Rh7 {[%emt 0:00:24] and a4 would now be decisive} Kd6 77. b4 Kc6 78. Rh6+ Kc7 79. Rh7+ Kc6 80. a4 Rg5 81. Rh6+ Kc7 82. Rh7+ Kc6 83. Rh6+ Kc7 84. Rh7+ Kc6 {[%emt 0:00:03] Blacks defense is rewarded with a draw.   Weighted Error Value: White=0.11 (very precise) /Black=0.13 (very precise)   Mistake:       	White=3     	Black=3      Inaccurate:     	White=4     	Black=4      OK:         	White=25    	Black=28     Best:        	White=6     	Black=11     Strong:       	White=1     	Black=1} 1/2-1/2